Map: Ascension to Aiur LE

Players

Winthrowe

  • Race: Terran Terran
  • League: Silver
  • Spawn Location: 11:00

Nikitta

  • Race: Terran Terran

VOD

Have the link to the VOD?

Description

Time

  • Played on: Aug. 29, 2017, 6:50 p.m.
  • Length: 58:54
Show
View Real Time Build Order
Export as new Build Order

Winthrowe Terran 

Build Orders:  

Get SALT Encoding   

  12  0:05  SCV  
  13  0:24  Supply Depot  
  13  0:28  SCV  
  14  0:58  SCV  
  15  1:08  Barracks  
  15  1:15  SCV  
  16  1:28  Refinery  
  16  1:32  SCV  
  17  1:49  SCV  
  18  2:05  SCV  
  19  2:16  Supply Depot  
  19  2:17  Marine  
  20  2:51  Marine  
  21  3:06  Factory  
  21  3:16  Marine  
  22  3:38  Command Center  
  22  3:41  Marine  
  23  4:06  Marine  
  24  4:31  Marine  
  25  4:40  SCV  
  26  4:53  Starport  
  26  4:59  Factory Tech Lab  
  27  5:11  Barracks Tech Lab  
  26  5:23  Supply Depot  
  26  5:24  Supply Depot  
  26  5:28  SCV  
  26  5:29  SCV  
  28  5:42  Marine  
  29  5:57  Starport Reactor  
  29  6:01  Barracks  
  29  6:04  SCV  
  29  6:07  Marine  
  31  6:21  SCV  
  32  6:32  Marauder  
  32  6:33  Siege Tank  
  32  6:37  SCV  
  38  6:44  Engineering Bay  
  38  6:48  Supply Depot  
  38  7:25  Supply Depot  
  38  7:32  Starport Reactor  
  38  7:38  Missile Turret  
  38  7:48  SCV  
  39  8:06  Missile Turret  
  39  8:07  Refinery  
  39  8:08  Marine x2  
  41  8:15  Stimpack  
  41  8:17  Combat Shields  
  41  8:23  Hellion x2  
  45  8:33  Marine  
  45  8:34  Marine  
  47  8:53  Hellion x2  
  47  8:58  Marine  
  47  8:59  Marine  
  53  9:05  Sensor Tower  
  53  9:18  SCV  
  54  9:23  Marine x2  
  54  9:24  Refinery  
  54  9:28  Orbital Command  
  56  9:35  SCV  
  57  9:40  Supply Depot  
  57  9:51  Marine  
  57  9:52  Marine  
  57  9:58  Hellion x2  
  63  10:08  Medivac x2  
  67  10:13  Supply Depot  
  67  10:16  Marine  
  67  10:17  Marine  
  69  10:28  Hellion x2  
  70  10:41  Marauder  
  70  10:42  Marauder  
  70  10:47  Missile Turret  
  74  10:57  Medivac x2  
  74  10:58  Hellion x2  
  82  11:11  Marine  
  82  11:12  Marine  
  82  11:18  Engineering Bay  
  84  11:36  Marine, Hellion  
  84  11:37  Marine, Hellion  
  84  11:38  Engineering Bay  
  90  11:52  SCV  
  90  11:58  Armory  
  91  12:18  Armory  
  91  12:26  Marine  
  92  12:33  Marine x2  
  94  13:25  Supply Depot  
  94  13:26  Supply Depot  
  94  13:30  Orbital Command  
  94  13:55  Marine x3, Medivac x2  
  94  13:56  Siege Tank  
  104  14:05  Supply Depot  
  104  14:13  Supply Depot  
  104  14:19  Marauder, Marine x2  
  108  14:36  Viking x2  
  112  14:41  Siege Tank  
  112  14:44  Marine x2, Command Center  
  112  14:49  Marauder  
  119  15:27  Marauder  
  119  15:29  Marine x2  
  123  15:31  Missile Turret  
  123  15:34  Hellbat  
  125  15:57  Supply Depot  
  125  16:11  Terran Infantry Armor Level 1, Terran Infantry Weapons Level 1  
  125  16:15  Supply Depot, Neosteel Frame  
  125  16:22  Terran Vehicle Weapons Level 1  
  125  16:26  Terran Vehicle And Ship Armor Level 1  
  125  16:30  Supply Depot  
  125  16:58  Supply Depot  
  119  17:17  Marauder  
  119  17:18  Marine x2  
  121  17:21  Hellbat  
  121  17:29  Medivac  
  125  17:55  Supply Depot  
  125  18:03  Planetary Fortress  
  125  18:10  Raven  
  125  18:15  Marauder  
  129  18:53  Marauder  
  129  18:55  Marine x2  
  129  18:58  SCV, Hellion  
  129  18:59  Hellion  
  138  19:02  Terran Ship Weapons Level 1  
  138  19:05  SCV  
  139  19:15  SCV, Siege Tank  
  140  19:22  SCV  
  140  19:23  Marauder  
  140  19:26  Marine x2  
  140  19:28  Hellion  
  147  19:32  SCV  
  147  19:39  SCV  
  147  19:41  Supply Depot  
  147  19:49  SCV  
  144  19:51  Marine x2  
  144  19:53  Marauder  
  144  19:56  SCV  
  149  20:06  SCV  
  149  20:07  Hi-Sec Auto Tracking  
  150  20:13  SCV  
  151  20:21  Marine x2  
  151  20:22  Building Armor  
  151  20:23  Marauder, SCV  
  151  20:24  Hellion x2  
  151  20:28  Medivac  
  162  20:30  SCV  
  162  20:38  Supply Depot  
  163  20:40  SCV  
  163  20:46  Marine  
  163  20:47  SCV  
  163  20:48  Terran Infantry Weapons Level 2  
  166  20:55  Terran Infantry Armor Level 2  
  166  21:04  SCV  
  167  21:10  Medivac  
  169  21:21  SCV  
  168  21:38  SCV  
Show
View Real Time Build Order
Export as new Build Order

Nikitta Terran 

Build Orders:  

Get SALT Encoding   

Tags
 
Add a new tag
Caveats
  • Supply blocks, unpowered buildings, or Contaminate may cause inaccurate times.
  • Supply counts are checked every 10 seconds.